 Dungeon Crawl Stone Soup version 0.17-a0-1674-g2b13139 (webtiles) character file.

529 Medar the Changer (level 6, -4/46 (47) HPs)
             Began as a Demigod Transmuter on Aug 18, 2015.
             Slain by an ice beast (9 damage)
             ... on level 4 of the Dungeon.
             The game lasted 00:18:17 (4587 turns).

Medar the Changer (Demigod Transmuter)              Turns: 4587, Time: 00:18:18

HP:   -4/46 (47)    AC:  8    Str: 13    XL:     6   Next: 72%
MP:   12/12         EV: 12    Int: 21    God:
Gold: 199           SH:  0    Dex: 20    Spells: 3 memorised, 3 levels left

rFire  . . .     SeeInvis .       - Unarmed
rCold  . . .     Clarity  .     t - +2 leather armour {MR+}
rNeg   . . .     SustAt   +     (no shield)
rPois  .         Gourm    .     y - +0 helmet (curse)
rElec  .         Spirit   .     p - +0 cloak
rCorr  .         Warding  .     (no gloves)
rMut   .         Stasis   .     k - +0 pair of boots
MR     +....                    (no amulet)
Stlth  ++........               (no ring)
                                a - +4 ring of dexterity

@: very slightly contaminated, somewhat resistant to hostile enchantments,
unstealthy
A: high mp 1, sustain attributes
a: no special abilities


You were on level 4 of the Dungeon.
You were not hungry.

You visited 1 branch of the dungeon, and saw 5 of its levels.

You collected 199 gold pieces.

Inventory:

Hand weapons
 e - a +1 short sword of electrocution
 s - a +2 quarterstaff of chaos
Armour
 k - a +0 pair of boots (worn)
 n - a +2 ring mail of magic resistance
 p - a +0 cloak (worn)
 t - a +2 leather armour of magic resistance (worn)
 y - a cursed +0 helmet (worn)
Jewellery
 a - a +4 ring of dexterity (left hand)
Magical devices
 r - a wand of frost (31)
 A - a wand of cold (7)
Scrolls
 g - 3 scrolls of amnesia
 l - 2 scrolls of recharging
 B - a scroll of remove curse {@r1}
Potions
 f - 2 potions of flight
 h - 2 potions of curing {@q1}
 j - a potion of cancellation
 m - a potion of resistance
 o - a potion of brilliance
 q - a potion of agility {unknown}
 u - a potion of heal wounds
 w - a potion of might
Books
 c - a book of Changes

   Spells                             Type                      Level
   a - Beastly Appendage              Transmutation                1
   b - Sticks to Snakes               Transmutation                2
   c - Spider Form                    Transmutation/Poison         3
   d - Ice Form                       Ice/Transmutation            4
   e - Blade Hands                    Transmutation                5
Comestibles
 d - 5 bread rations {@e1}
 i - a beef jerky
 v - 2 meat rations {@e2}
 z - a slice of pizza


   Skills:
 + Level 1.5 Fighting
 - Level 2.2 Armour
 - Level 1.7 Dodging
 * Level 4.3 Unarmed Combat
 - Level 2.0 Spellcasting
 - Level 4.6 Transmutations
 - Level 1.9 Poison Magic


You had 3 spell levels left.
You knew the following spells:

 Your Spells              Type           Power        Failure   Level  Hunger
d - Sticks to Snakes      Trmt           ###.......   4%          2    ##.....
f - Spider Form           Trmt/Pois      ###.......   17%         3    ###....
s - Beastly Appendage     Trmt           ###...       2%          1    #......


Dungeon Overview and Level Annotations

Branches:
Dungeon (5/15)             Temple (0/1) D:5

Annotations:
D:4 Pikel


Innate Abilities, Weirdness & Mutations

You have an increased reservoir of magic (+10% MP).
Your attributes are resistant to harm.


Message History

You hit the ice beast.
The ice beast is severely wounded.
The ice beast barely misses you.
You closely miss the ice beast.
The ice beast is severely wounded.
The ice beast hits you. The ice beast freezes you!
* * * LOW HITPOINT WARNING * * *
You hit the ice beast.
The ice beast is almost dead.
The ice beast hits you but does no damage.
You barely miss the ice beast.
The ice beast is almost dead.
You flicker back into view.
The ice beast misses you.
You hit the ice beast but do no damage.
The ice beast is almost dead.
The ice beast hits you.
* * * LOW HITPOINT WARNING * * *
The ice beast freezes you!
You die...

######## ####
.......#########..###
####............@Y..##
####..............###
###....######....## ##
###### ###...### ###.
##....####...
###.........
#......... ##.>....>.
##.......


You could see an ice beast.

Vanquished Creatures
  3 slaves
  An ogre (D:5)
  A necrophage (D:5)
  Crazy Yiuf (D:2)
  5 orc wizards
  A worker ant (D:5)
  2 hound skeletons
  An adder (D:3)
  4 gnolls
  5 giant geckos
  16 orcs
  2 ball pythons
  7 bats
  6 giant cockroaches
  9 goblins
  4 hobgoblins
  5 kobolds
  A giant gecko skeleton (D:4)
  5 giant newts
  7 rats
86 creatures vanquished.

Vanquished Creatures (collateral kills)
  2 adders
  A worm (D:2)
  A kobold (D:3)
  A rat (D:3)
5 creatures vanquished.

Grand Total: 91 creatures vanquished

Notes
Turn   | Place    | Note
--------------------------------------------------------------
     0 | D:1      | Medar the Demigod Transmuter began the quest for the Orb.
     0 | D:1      | Reached XP level 1. HP: 15/15 MP: 5/5
    82 | D:1      | Reached skill level 3 in Unarmed Combat
   448 | D:1      | Reached XP level 2. HP: 20/22 MP: 5/7
   456 | D:1      | Learned a level 2 spell: Sticks to Snakes
   886 | D:2      | Reached skill level 1 in Armour
   915 | D:2      | Noticed Crazy Yiuf
  1313 | D:2      | Killed Crazy Yiuf
  1313 | D:2      | Reached XP level 3. HP: 27/27 MP: 1/8
  1686 | D:3      | Found a faded altar to an unknown god.
  1768 | D:3      | Found a sparkling altar of Nemelex Xobeh.
  1827 | D:3      | Reached XP level 4. HP: 22/34 MP: 6/9
  1906 | D:3      | Learned a level 3 spell: Spider Form
  2281 | D:4      | Noticed a slave
  2281 | D:4      | Noticed a slave
  2282 | D:4      | Noticed a slave
  2335 | D:4      | Reached skill level 1 in Poison Magic
  2352 | D:4      | Reached XP level 5. HP: 13/39 MP: 8/10
  2800 | D:4      | Reached skill level 1 in Fighting
  2913 | D:4      | Noticed a slave
  3106 | D:4      | Killed a slave
  3160 | D:4      | Noticed Pikel
  3184 | D:3      | Killed a slave
  3195 | D:4      | Killed a slave
  4030 | D:5      | Entered Level 5 of the Dungeon
  4055 | D:5      | Reached skill level 4 in Unarmed Combat
  4243 | D:5      | Reached XP level 6. HP: 39/47 MP: 12/12
  4260 | D:5      | Found a staircase to the Ecumenical Temple.
  4269 | D:5      | Noticed an ogre
  4292 | D:5      | Killed an ogre
  4490 | D:5      | Noticed an ice beast
  4490 | D:5      | Noticed a necrophage
  4539 | D:5      | Killed a necrophage
  4587 | D:4      | Slain by an ice beast

Vault maps used:
D:1:      saegor_arrival_simple_d
D:2:      uniq_crazy_yiuf_cottage
D:3:      ecumenical_altar_1, nemelex_diamond_rough_becter
D:4:      first_bread, uniq_pikel
D:5:      minmay_temple_entry_junction2

Action                   |  1- 3 |  4- 6 || total
-------------------------+-------+-------++-------
Melee: Unarmed           |   112 |   260 ||   372
 Cast: Beastly Appendage |    24 |    17 ||    41
       Sticks to Snakes  |    10 |     2 ||    12
       Spider Form       |       |     6 ||     6
Evoke: Wand              |       |     2 ||     2
  Use: Scroll            |     7 |     7 ||    14
       Potion            |       |     3 ||     3
 Stab: Distracted        |     1 |       ||     1
       Sleeping          |       |     1 ||     1
       Invisible         |       |     2 ||     2
  Eat: Chunk             |     4 |     9 ||    13
       Pizza             |       |     1 ||     1
